 Dungeon Crawl Stone Soup version 0.31-a0-1511-g961fd35ebc (webtiles) character file.

Game seed: 16599207570487641040

102 Querens the Shield-Bearer (level 5, 0/42 HPs)
             Began as a Formicid Fighter on Dec 30, 2023.
             Killed by nerve-wracking pain
             ... invoked by Grinder
              (10 damage)
             ... on level 3 of the Dungeon.
             The game lasted 00:06:21 (1890 turns).

Querens the Shield-Bearer (Formicid Fighter)        Turns: 1890, Time: 00:06:22

Health: 0/42       AC:  8    Str: 22    XL:     5   Next: 6%
Magic:  0/5        EV:  9    Int:  8    God:
Gold:   87         SH:  5    Dex: 13    Spells: 4/4 levels left

rFire   . . .        a - +0 war axe
rCold   . . .        c - +0 buckler
rNeg    . . .        b - +0 scale mail
rPois   .            (helmet unavailable)
rElec   .            j - +0 cloak
rCorr   .            (no gloves)
SInv    +            (no boots)
Will    .....        n - amulet of guardian spirit Stlth
                     (no ring)
HPRegen 0.27/turn    (no ring)
MPRegen 0.09/turn

%: guardian spirit
@: no status effects
A: permanent stasis, dig shafts and tunnels, antennae 3, four strong arms
a: Dig, Shaft Self


You were on level 3 of the Dungeon.
You visited 1 branch of the dungeon, and saw 3 of its levels.

You collected 87 gold pieces.

Inventory:

Hand Weapons
 a - a +0 war axe (weapon)
Armour
 b - a +0 scale mail (worn)
 c - a +0 buckler (worn)
 j - a +0 cloak (worn)
 x - the +1 robe "Ynko" {Will++ Int+5 Archmagi}
   (You found it on level 2 of the Dungeon)

   Int+5:     It affects your intelligence (+5).
   Will++:    It greatly increases your willpower.
   Archmagi:  It increases the power of your magical spells.
Jewellery
 n - an amulet of guardian spirit (around neck)
 u - an amulet of the acrobat
Talismans
 p - a blade talisman
Scrolls
 e - a scroll of brand weapon {unknown}
 h - 2 scrolls of identify {unknown}
 i - 2 scrolls of amnesia {unknown}
 l - a scroll of poison {unknown}
 m - 2 scrolls of enchant armour {unknown}
 o - a scroll of acquirement {unknown}
 q - 2 scrolls of noise {unknown}
 r - a scroll of silence {unknown}
 w - a scroll of enchant weapon {unknown}
Potions
 d - a potion of might
 f - 2 potions of resistance {unknown}
 g - a potion of lignification {unknown}
 k - 2 potions of curing {unknown}
 s - a potion of ambrosia {unknown}
 t - a potion of magic {unknown}
 v - a potion of mutation {unknown}
 z - a potion of haste {unknown}


   Skills:
 + Level 4.1 Fighting
 + Level 2.9 Axes
 + Level 4.1 Armour
 + Level 4.9 Shields


You had 4 spell levels left.
You didn't know any spells.
Your spell library contained the following spells:

 Spells                   Type           Power      Damage    Failure   Level
 Magic Dart               Conj           0%         1d3       80%         1
 Searing Ray              Conj           0%         2d4       90%         2
 Animate Armour           Summ/Erth      0%         N/A       100%        4
 Cause Fear               Hex            0%         N/A       100%        4
 Fulminant Prism          Conj/Alch      0%         3d5       100%        4
 Summon Lightning Spire   Summ/Air       0%         N/A       100%        4
 Fireball                 Conj/Fire      0%         3d3       100%        5
 Lee's Rapid Deconstruct  Erth           0%         3d4*      100%        5
 Dragon's Call            Summ           0%         N/A       100%        9


Dungeon Overview and Level Annotations

Branches:
Dungeon (3/15)

Altars:

Shops:
D:1 *

Annotations:
D:3 Grinder


Innate Abilities, Weirdness & Mutations

You cannot be hasted, slowed, berserked, paralysed or teleported.
You can dig through walls and to a lower floor.
You have a pair of large antennae on your head. (SInv)
Your four strong arms can wield two-handed weapons with a shield.


Message History

Your stasis prevents you from being paralysed.
You hit Grinder but do no damage.
Grinder is lightly wounded.
Grinder blinks!
Grinder completely misses you.
You hit Grinder.
Grinder is lightly wounded.
Grinder blinks!
You slash Grinder!
Grinder is moderately wounded.
Grinder gestures at you. Pain shoots through your body!
You barely miss Grinder.
Grinder is moderately wounded.
Grinder barely misses you. Grinder gestures at you.
You resist with significant effort.
You slash Grinder!
Grinder is heavily wounded.
Grinder gestures at you.
Your stasis prevents you from being paralysed.
You hit Grinder.
Grinder is severely wounded.
Grinder hits you!
You writhe in agony.
Grinder misses you.
You barely miss Grinder.
Grinder is severely wounded.
Grinder hits you.
* * * LOW HITPOINT WARNING * * *
You writhe in agony.
* * * LOW HITPOINT WARNING * * *
You hit Grinder.
Grinder is severely wounded.
Grinder blinks!
Unknown command.
Grinder hits you but does no damage.
You hit Grinder.
Grinder is almost dead.
Grinder gestures at you. Pain shoots through your body!
You die...
Grinder says, "Hey, I wasn't done torturing you yet!"

#.#####.####.##.........#
####.#
#.##.##.........##.####.# #..
#<#......###.#####.# #.# ###
#.##.##.## #.†.....# #.# #
#.##.##.# ######### #.# #
#.......# #####.###### #
####.#### ########..........#
# #.# #....5##......###.####
#.#######....@........#.......
#......##.....................
#.####.##......#..............
#.####.##......#.......##.####
#...##.#######.###........# #
#.#.##.#######.#.......#### #
#.#.##>......#......#..# #
#......#####.###.#.##..# ###
###.##.#### .#.........# #..


You could see Grinder.

Vanquished Creatures
  Natasha (D:2)
  Robin (D:2)
  2 adders (D:3)
  A dart slug (D:1)
  A ribbon worm (D:1)
  An orc (D:3)
  An endoplasm (D:2)
  3 giant cockroaches
  12 goblins
  5 hobgoblins
  4 kobolds
  2 quokkas
  2 ball pythons
  2 bats
  A frilled lizard (D:3)
  A rat (D:1)
40 creatures vanquished.

Notes
Turn   | Place    | Note
-------+----------+-------------------------------------------
     0 | D:1      | Querens the Formicid Fighter began the quest for the Orb.
     0 | D:1      | Reached XP level 1. HP: 18/18 MP: 1/1
   274 | D:1      | Reached XP level 2. HP: 19/24 MP: 2/2
   531 | D:1      | Found Tostraud's Assorted Antiques.
   712 | D:2      | Reached XP level 3. HP: 29/29 MP: 3/3
   721 | D:2      | Noticed Robin
   729 | D:2      | Killed Robin
  1193 | D:2      | Noticed Natasha
  1199 | D:2      | Killed Natasha
  1200 | D:2      | Reached XP level 4. HP: 18/37 MP: 2/4
  1460 | D:3      | Reached XP level 5. HP: 42/42 MP: 5/5
  1665 | D:2      | Identified the +1 robe "Ynko" {Will++ Int+5 Archmagi}
  1866 | D:3      | Noticed Grinder
  1890 | D:3      | Killed from afar by Grinder

Illustrated notes

Levels and vault maps discovered:
D:1:      elethiomel_arrival_quiet, layout_loops_ring, serial_shops, shop,
          serial_park_tiny_2, nicolae_wormholes
D:2:      layout_basic, minivault_24, uniq_robin, uniq_natasha
D:3:      layout_loops_cross, uniq_grinder

Skill      XL: |  1  2  3  4 |
---------------+-------------+-----
Fighting       | 4 |  4.1
Armour         | 4 |  4.1
Axes           | |  2.9
Shields        | |  4.9

Action                     |  1- 3 |  4- 6 || total
---------------------------+-------+-------++-------
  Melee: War axe           |    93 |    37 ||   130
Ability: Dig               |       |     1 ||     1
 Armour: Scale mail        |    78 |    18 ||    96
  Dodge: Dodged            |    36 |    16 ||    52
  Block: Buckler           |    23 |     4 ||    27

Table legend: (Time is in decaauts)
 A = Elapsed time spent in this place.
 B = Non-inter-level travel time spent in this place.
 C = Inter-level travel time spent in this place.
 D = Time resting spent in this place.
 E = Time spent auto-exploring this place.
 F = Levels seen in this place.
 G = Mean time per level.
                   A        B        C        D        E       F      G
               +--------+--------+--------+--------+--------+-----+--------+
         Total |   1942 |   1860 |     82 |      0 |      0 |   3 |  647.3 |
       Dungeon |   1942 |   1860 |     82 |      0 |      0 |   3 |  647.3 |
               +--------+--------+--------+--------+--------+-----+--------+

Top non-repeatable levels by time:
     D:2: 847 daAuts
     D:1: 655 daAuts
     D:3: 438 daAuts
